 Dungeon Crawl Stone Soup version 0.18.1-48-g4cf74bf (webtiles) character file.

2760 Zapata the Cleaver (level 9, -3/109 HPs)
             Began as a Minotaur Berserker on July 16, 2016.
             Was a High Priest of Trog.
             Slain by a slime creature (16 damage)
             ... on level 8 of the Dungeon.
             The game lasted 00:07:02 (5067 turns).

Zapata the Cleaver (Minotaur Berserker)             Turns: 5067, Time: 00:07:02

Health: -3/109     AC: 13    Str: 27    XL:     9   Next: 41%
Magic:  8/8        EV: 12    Int: 11    God:    Trog [*****.]
Gold:   436        SH:  0    Dex: 13    Spells: 0 memorised, 8 levels left

rFire  . . .     SeeInvis .     a - +1 hand axe (flame)
rCold  . . .     Gourm    .     y - +4 ring mail "Fuwekequ" {*Contam rPois MR++ Int+4}
rNeg   . . .     Faith    .     (no shield)
rPois  +         Spirit   .     (helmet restricted)
rElec  .         Dismiss  .     C - +0 cloak
rCorr  .         Reflect  .     r - +0 pair of gloves
SustAt .         Harm     .     w - +0 pair of boots
MR     ++...                    (no amulet)
Stlth  ..........               (no ring)
                                k - +3 ring of intelligence

@: berserking, very quick, very resistant to hostile enchantments, extremely
unstealthy
A: retaliatory headbutt, horns 2
a: Berserk, Trog's Hand, Brothers in Arms, Burn Spellbooks, Renounce Religion


You were on level 8 of the Dungeon.
You worshipped Trog.
Trog was extremely pleased with you.
You were hungry.

You visited 1 branch of the dungeon, and saw 8 of its levels.

You collected 436 gold pieces.

Inventory:

Hand Weapons
 a - a +1 hand axe of flaming (weapon)
Armour
 r - a +0 pair of gloves (worn)
 w - a +0 pair of boots (worn)
 y - the +4 ring mail "Fuwekequ" (worn) {*Contam rPois MR++ Int+4}
   (You found it on level 5 of the Dungeon)

   It affects your intelligence (+4).
   It protects you from poison.
   It affects your resistance to hostile enchantments.
   It causes magical contamination when unequipped.
 C - a +0 cloak (worn)
Rods
 A - a +4 rod of ignition (12/12)
   (You found it on level 7 of the Dungeon)
Jewellery
 k - a +3 ring of intelligence (left hand)
Wands
 D - a wand of polymorph (9/24)
 G - a wand of iceblast (6/15)
 L - a wand of teleportation (2/9)
Scrolls
 e - 3 scrolls of blinking
 g - a scroll of enchant weapon {unknown}
 h - 6 scrolls of remove curse
 m - 2 scrolls of fog {unknown}
 n - 2 scrolls of teleportation
 o - a scroll of amnesia {unknown}
 p - 3 scrolls of recharging
 q - a scroll of enchant armour {unknown}
 v - a scroll of immolation {unknown}
 H - a scroll of magic mapping {unknown}
 O - a scroll of random uselessness {unknown}
Potions
 d - a potion of brilliance
 f - 3 potions of curing
 i - 2 potions of flight
 l - a potion of ambrosia {unknown}
 t - 3 potions of haste
 x - a potion of degeneration {unknown}
 B - a potion of cure mutation {unknown}
 E - a potion of might {unknown}
 F - 2 potions of mutation {unknown}
 I - a potion of resistance {unknown}
 M - a potion of lignification {unknown}
 N - a potion of heal wounds {unknown}
Comestibles
 c - 6 bread rations
 j - 2 royal jellies
 u - a slice of pizza
 z - 8 fruits
 J - a meat ration


   Skills:
 + Level 4.9 Fighting
 - Level 14.1 Axes
 + Level 3.9 Armour
 + Level 3.7 Dodging


You had 8 spell levels left.
You didn't know any spells.

Dungeon Overview and Level Annotations

Branches:
Dungeon (8/15)             Temple (0/1) D:6
   Lair: D:8-11

Altars:
Fedhas
Makhleb
Nemelex Xobeh
Sif Muna


Innate Abilities, Weirdness & Mutations

You reflexively headbutt those who attack you in melee.
You have a pair of horns on your head.


Message History

There are monsters nearby!
You are too injured to fight recklessly!
There are monsters nearby!
You are too injured to fight recklessly!
A red film seems to cover your vision as you go berserk!
You feel yourself moving faster!
You feel mighty!
You are feeling hungry.
The slime creature hits you!
* * * LOW HITPOINT WARNING * * *
The slime creature hits you.
* * * LOW HITPOINT WARNING * * *
You are too injured to fight recklessly!
Unknown command.
You are too injured to fight recklessly!
You slice the slime creature!! You burn the slime creature.
The slime creature is severely wounded.
You hit the slime creature. You burn the slime creature.
The slime creature is heavily wounded.
The slime creature hits you!
You die...

#...... .# #......
#.# #...... #.#
....... #.# .......
#.# ....... #.#
......J####.#######
......J@...........
..###+#####.#.####
#.#.# # ####'#.#
#.#......#
####........#
#...........#
#...........#
#.....###.#.#


You could see 2 slime creatures.

Vanquished Creatures
  Prince Ribbit (D:5)
  A slime creature (D:8)
  Edmund (D:6)
  The ghost of Aquadorian the Digger, an amateur GrEE of Vehumet (D:3)
  An orc warrior (D:7)
  A sky beast (D:7)
  A black bear (D:8)
  An ice beast (D:7)
  A phantom (D:6)
  An ogre (D:5)
  2 big kobolds
  2 giant frogs
  A water moccasin zombie (D:6)
  A scorpion (D:3)
  A wyvern skeleton (D:8)
  4 wights (D:8)
  6 killer bees (D:8)
  3 crimson imps
  A giant frog zombie (D:8)
  A jelly (D:7)
  An iguana (D:4)
  2 orc wizards
  Crazy Yiuf (D:5)
  A centaur skeleton (D:8)
  An orc priest (D:4)
  3 giant frog skeletons
  5 worker ants
  2 hound skeletons
  A worker ant zombie (D:5)
  A howler monkey zombie (D:7)
  6 adders
  A shadow imp (D:7)
  An ooze (D:7)
  An adder skeleton (D:5)
  An adder zombie (D:6)
  A worm (D:6)
  2 dart slugs
  9 giant geckos
  22 orcs
  4 bats
  6 giant cockroaches
  11 goblins
  3 hobgoblins
  5 jackals
  18 kobolds
  2 quokkas (D:2)
  2 giant gecko zombies (D:7)
  3 giant newts
  3 quokka skeletons
  A rat (D:3)
  A fungus (D:5)
153 creatures vanquished.

Notes
Turn   | Place    | Note
--------------------------------------------------------------
     0 | D:1      | Zapata the Minotaur Berserker began the quest for the Orb.
     0 | D:1      | Reached XP level 1. HP: 19/19 MP: 0/0
   107 | D:1      | Reached skill level 4 in Axes
   137 | D:1      | Reached XP level 2. HP: 26/26 MP: 1/1
   631 | D:2      | Reached skill level 5 in Axes
   682 | D:2      | Reached ** piety under Trog
   682 | D:2      | Reached XP level 3. HP: 31/31 MP: 2/2
   771 | D:2      | Found a sparkling altar of Nemelex Xobeh.
  1064 | D:2      | Found a faded altar to an unknown god.
  1408 | D:3      | Found a blossoming altar of Fedhas.
  1480 | D:3      | Noticed Aquadorian's ghost (amateur GrEE)
  1492 | D:3      | Killed Aquadorian's ghost
  1492 | D:3      | Reached skill level 7 in Axes
  1492 | D:3      | Reached XP level 4. HP: 39/39 MP: 3/3
  1492 | D:3      | Reached XP level 5. HP: 45/45 MP: 4/4
  1903 | D:3      | Reached skill level 8 in Axes
  1948 | D:4      | Reached XP level 6. HP: 41/51 MP: 5/5
  2001 | D:4      | Reached *** piety under Trog
  2511 | D:5      | Entered Level 5 of the Dungeon
  2568 | D:5      | Reached skill level 9 in Axes
  2591 | D:5      | Got an aquamarine-encrusted ring mail
  2602 | D:5      | Identified the +4 ring mail "Fuwekequ" {*Contam rPois MR++ Int+4} (You found it on level 5 of the Dungeon)
  2914 | D:5      | Reached XP level 7. HP: 37/57 MP: 6/6
  3226 | D:5      | Reached skill level 10 in Axes
  3373 | D:5      | Noticed Prince Ribbit
  3387 | D:5      | Killed Prince Ribbit
  3542 | D:5      | Noticed Crazy Yiuf
  3547 | D:5      | Killed Crazy Yiuf
  3624 | D:6      | Found a staircase to the Ecumenical Temple.
  3637 | D:6      | Reached skill level 11 in Axes
  3671 | D:6      | Noticed Edmund
  3685 | D:6      | Killed Edmund
  3725 | D:6      | Reached XP level 8. HP: 63/64 MP: 7/7
  3776 | D:6      | Found a deep blue altar of Sif Muna.
  4090 | D:6      | Reached skill level 12 in Axes
  4235 | D:7      | Identified a +4 rod of ignition (12/12) (You found it on level 7 of the Dungeon)
  4322 | D:7      | Reached **** piety under Trog
  4451 | D:7      | Found a burning altar of Makhleb.
  4457 | D:7      | Reached skill level 13 in Axes
  4851 | D:8      | Reached XP level 9. HP: 70/70 MP: 8/8
  4854 | D:8      | Reached skill level 14 in Axes
  4993 | D:8      | Received a gift from Trog
  5021 | D:8      | Reached ***** piety under Trog
  5067 | D:8      | Slain by a slime creature

Skill      XL: |  1  2  3  4  5  6  7  8  9 |
---------------+----------------------------+-----
Axes           | 4 5 7 8 9 11 13 14 | 14.1
Fighting       | 4 |  4.9
Armour         | 3 |  3.9
Dodging        | 3 |  3.7

Action                   |  1- 3 |  4- 6 |  7- 9 || total
-------------------------+-------+-------+-------++-------
Melee: Hand axe          |    73 |   110 |   272 ||   455
       Headbutt          |    10 |    23 |    56 ||    89
Invok: Berserk           |     1 |       |     5 ||     6
  Use: Scroll            |       |     4 |     5 ||     9
  Eat: Chunk             |     2 |     5 |     9 ||    16
       Royal jelly       |       |       |     1 ||     1
Armor: Animal skin       |     8 |       |       ||     8
       Scale mail        |     6 |    12 |       ||    18
       Plate armour      |       |    44 |       ||    44
       Ring mail         |       |     5 |    75 ||    80
Dodge: Dodged            |    44 |    35 |   106 ||   185
